 Dungeon Crawl Stone Soup version 0.22-a0-247-gbddf880757 (webtiles) character file.

31 Ordine the Sneak (level 3, -2/24 HPs)
             Began as a Spriggan Enchanter on Feb 24, 2018.
             Slain by an adder (3 damage)
             ... on level 2 of the Dungeon.
             The game lasted 00:03:52 (1263 turns).

Ordine the Sneak (Spriggan Enchanter)               Turns: 1263, Time: 00:03:52

Health: -2/24      AC:  3    Str:  9    XL:     3   Next: 7%
Magic:  5/8        EV: 18    Int: 17    God:
Gold:   86         SH:  0    Dex: 16    Spells: 2/8 levels left

rFire    . . .     SeeInvis +   a - +1 dagger
rCold    . . .     Gourm    .   (shield restricted)
rNeg     . . .     Faith    .   b - +1 robe
rPois    .         Spirit   .   (helmet restricted)
rElec    .         Reflect  .   (no cloak)
rCorr    .         Harm     .   (gloves unavailable)
MR       .....                  (boots unavailable)
Stlth    ..........             (no amulet)
HPRegen  0.08/turn              (no ring)
MPRegen  0.11/turn              (no ring)

@: berserking, lethally poisoned (-2 -> -8), quick
A: very small, unfitting armour, see invisible, herbivore, speed 3, slow
metabolism 2
a: no special abilities


You were on level 2 of the Dungeon.
You were not hungry.

You visited 1 branch of the dungeon, and saw 2 of its levels.

You collected 86 gold pieces.

Inventory:

Hand Weapons
 a - a +1 dagger (weapon)
Armour
 b - a +1 robe (worn)
Scrolls
 h - a scroll of amnesia
Comestibles
 c - 2 rations


   Skills:
 + Level 1.8 Short Blades
 - Level 3.0 Dodging
 * Level 5.6 Stealth
 + Level 3.2 Spellcasting
 - Level 3.6 Hexes


You had 2 spell levels left.
You knew the following spells:

 Your Spells              Type           Power        Failure   Level  Hunger
a - Ensorcelled Hibernat  Hex/Ice        #.....       12%         2    ##.....
b - Confuse               Hex            ###.....     12%         3    ###....
c - Corona                Hex            ###....      3%          1    None


Dungeon Overview and Level Annotations

Branches:
Dungeon (2/15)

Altars:

Annotations:
D:2 Natasha, Robin, Sigmund


Innate Abilities, Weirdness & Mutations

You are very small and have problems with some larger weapons.
You are too small for most types of armour.
You have supernaturally acute eyesight. (SInv)
You are a herbivore.
You cover ground extremely quickly.
You need consume almost no food.


Message History

* * * LOW HITPOINT WARNING * * *
Robin throws the goblin at you!
* * * LOW HITPOINT WARNING * * *
The hobgoblin closely misses you. The goblin completely misses you.
A goblin and a hobgoblin come into view.
Unknown command.
You enter the shallow water.
Moving in this stuff is going to be slow. 2 goblins come into view.
* * * LOW HITPOINT WARNING * * *
You feel sick.
The goblin shouts!
You hear a shout!
The adder closely misses you.
The goblin splashes around in the water.
A goblin and a hobgoblin come into view.
A red film seems to cover your vision as you go berserk!
You feel yourself moving faster!
You feel mighty!
The goblin shouts! x2
The adder bites you.
You die...

#########.
#.....≈.%.
#.≈.≈.≈..≈
#.≈≈≈≈≈≈≈≈
#..≈≈≈≈≈≈≈
#≈.≈≈≈≈≈≈≈
#g@≈≈h...≈
#gS≈≈≈._≈≈≈
#5≈≈≈≈≈♣♣≈≈
#≈@≈≈≈≈g≈g≈
#ggg≈≈≈≈≈≈≈
#≈≈gg≈≈≈≈≈≈
#.≈≈≈≈≈ggg.
#≈≈..gg≈.g≈
#######.###


You could see Sigmund (invisible), Robin, Natasha, an adder, a white imp, 5
hobgoblins and 9 goblins.

Vanquished Creatures
  An adder (D:2)
  2 dart slugs (D:1)
  A giant cockroach (D:1)
  2 goblins (D:1)
  2 hobgoblins (D:1)
  2 kobolds (D:1)
  6 bats
  2 frilled lizards
  A rat (D:1)
19 creatures vanquished.

Notes
Turn   | Place    | Note
-------+----------+-------------------------------------------
     0 | D:1      | Ordine the Spriggan Enchanter began the quest for the Orb.
     0 | D:1      | Reached XP level 1. HP: 9/9 MP: 5/5
   391 | D:1      | Reached skill level 5 in Stealth
   391 | D:1      | Reached XP level 2. HP: 13/13 MP: 6/6
   397 | D:1      | Learned a level 2 spell: Ensorcelled Hibernation
  1145 | D:2      | Reached XP level 3. HP: 16/16 MP: 8/8
  1150 | D:2      | Learned a level 3 spell: Confuse
  1247 | D:2      | Found a faded altar of an unknown god.
  1247 | D:2      | Noticed Natasha
  1247 | D:2      | Noticed Sigmund
  1252 | D:2      | Noticed Robin
  1263 | D:2      | Slain by an adder

Vault maps used:
D:1:      lordsloth_arrival_two_stooges, minmay_fountain_box
D:2:      chequers_ecumenical_altar_island, uniq_robin, uniq_sigmund,
          uniq_natasha

Skill      XL: |  1  2 |
---------------+-------+-----
Stealth        | 5 |  5.6
Spellcasting   | 3 |  3.2
Short Blades   | |  1.8
Dodging        | |  3.0
Hexes          | |  3.6

Action                   || total
-------------------------++-------
Melee: Dagger            ||    69
 Cast: Ensorcelled Hiber ||     7
  Use: Scroll            ||     4
       Potion            ||     1
 Stab: Sleeping          ||    12
Armor: Robe              ||     4
Dodge: Dodged            ||    69

Table legend:
 A = Spawn XP
 B = Non-spawn XP
 C = Spawn XP percentage of total XP
 D = Spawn monster count
 E = Non-spawn monster count
 F = Spawn count percentage of total count
 G = Total turns spent on level
                    A         B        C        D         E        F      G
               +---------+---------+-------+---------+---------+-------+---------
         Total |       0 |      45 |   0.0 |       0 |      19 |   0.0 |  1263
               +---------+---------+-------+---------+---------+-------+---------
           D:1 |       0 |      28 |   0.0 |       0 |      15 |   0.0 |  1140
           D:2 |       0 |      17 |   0.0 |       0 |       4 |   0.0 |   123
               +---------+---------+-------+---------+---------+-------+---------
